 Dungeon Crawl Stone Soup version 0.32-a0-913-g739538afd8 (webtiles) character file.

Game seed: 16268866593205833230

734 ManDude the Chiller (level 7, -5/51 HPs)
             Began as a Demonspawn Ice Elementalist on Apr 7, 2024.
             Was an Initiate of Qazlal.
             Killed from afar by an electric eel (11 damage)
             ... with a bolt of electricity
             ... on level 6 of the Dungeon.
             The game lasted 00:07:41 (4729 turns).

ManDude the Chiller (Demonspawn Ice Elementalist)   Turns: 4729, Time: 00:07:42

Health: -5/51      AC: 16    Str: 11    XL:     7   Next: 45%
Magic:  12/12      EV:  5    Int: 17    God:    Qazlal [......]
Gold:   312        SH:  0    Dex: 11    Spells: 5/12 levels left

rFire   . . .        c - +7 spear of ManDude's Bloody Death {heavy, *Corrode rN+++ Str+3 Dex-3}
rCold   . . .        (no shield)
rNeg    + + +        m - +0 chain mail
rPois   +            (helmet restricted)
rElec   .            q - scarf {repulsion}
rCorr   +            w - +0 pair of gloves
SInv    .            t - +1 pair of boots
Will    .....        e - amulet of regeneration Stlth
                     d - ring of resist corrosion
HPRegen 1.08/turn    b - ring of poison resistance
MPRegen 0.13/turn

%: corrode self (3%), repel missiles
@: corroded, sanguine armoured
A: horns 1, sanguine armour 1
a: Renounce Religion


You were on level 6 of the Dungeon.
You worshipped Qazlal.
Qazlal was noncommittal.
You visited 1 branch of the dungeon, and saw 6 of its levels.

You collected 312 gold pieces.

Inventory:

Hand Weapons
 c - the +7 spear of ManDude's Bloody Death (weapon) {heavy, *Corrode rN+++ Str+3 Dex-3}
   (You found it on level 3 of the Dungeon)

   Str+3:     It affects your strength (+3).
   Dex-3:     It affects your dexterity (-3).
   rN+++:     It renders you almost immune to negative energy.
   *Corrode:  It may corrode you when you take damage.
 h - a +0 bardiche
Armour
 a - a +0 robe
 i - a +0 pair of boots
 m - a +0 chain mail (worn)
 q - a scarf of repulsion (worn)
 t - a +1 pair of boots (worn)
 u - +0 steam dragon scales
 w - a +0 pair of gloves (worn)
Jewellery
 b - a ring of poison resistance (right hand)
 d - a ring of resist corrosion (left hand)
 e - an amulet of regeneration (around neck)
 n - an amulet of guardian spirit
Wands
 r - a wand of warping (9)
Scrolls
 f - 2 scrolls of identify
 g - 2 scrolls of enchant weapon
 k - 2 scrolls of vulnerability
 p - 2 scrolls of poison {unknown}
 v - a scroll of torment {unknown}
 y - 2 scrolls of enchant armour {unknown}
 z - a scroll of silence {unknown}
Potions
 j - a potion of magic
 l - a potion of curing
 o - a potion of invisibility {unknown}
 s - a potion of mutation {unknown}
 x - a potion of might {unknown}


   Skills:
 + Level 2.7 Fighting
 + Level 3.3 Polearms
 * Level 3.0 Armour
 + Level 2.4 Dodging
 - Level 2.1 Stealth
 + Level 0.3 Unarmed Combat
 - Level 3.4 Spellcasting
 - Level 4.9 Ice Magic


You had 5 spell levels left.
You knew the following spells:

 Your Spells              Type           Power      Damage    Failure   Level
a - Freeze                Ice            76%        1d8       54%         1
b - Frozen Ramparts       Ice            38%        1d6       88%         3
c - Ozocubu's Armour      Ice            19%        N/A       88%         3

Your spell library contained the following spells:

 Spells                   Type           Power      Damage    Failure   Level
 Summon Ice Beast         Ice/Summ       11%        N/A       99%         3
 Olgreb's Toxic Radiance  Alch           2%         N/A       100%        4
 Ozocubu's Refrigeration  Ice            9%         4d9       100%        7
 Discord                  Hex            1%         N/A       100%        8


Dungeon Overview and Level Annotations

Branches:
Dungeon (6/15)
 Temple: D:4-7

Altars:
Fedhas
Makhleb
Qazlal
Uskayaw


Innate Abilities, Weirdness & Mutations

You have a pair of small horns on your head.
When seriously injured, your blood forms armour. (AC +6)


Message History

Found the Unrestrained Analects.
There is a stone staircase leading up here.
You pick up the Unrestrained Analects and begin reading...
You add the spells Olgreb's Toxic Radiance, Ozocubu's Refrigeration and Discord to your library.
An electric eel comes into view.
The electric eel shoots out a bolt of lightning at you!
The bolt of electricity hits you!
Found 5 stones.
An electric eel comes into view.
The electric eel shoots out a bolt of lightning at you!
The bolt of electricity hits you!
The electric eel shoots out a bolt of lightning at you!
The bolt of electricity is repelled. x2
You enter the shallow water.
Moving in this stuff is going to be slow.
The electric eel shoots out a bolt of lightning at you!
The bolt of electricity hits you!
The electric eel shoots out a bolt of lightning at you!
The bolt of electricity hits you.
Your blood congeals into armour.
Your corrosive artefact corrodes you!
The electric eel shoots out a bolt of lightning at you!
The bolt of electricity is repelled.
Found a club.
The electric eel shoots out a bolt of lightning at you!
The bolt of electricity hits you! x2
* * * LOW HITPOINT WARNING * * *
The bolt of electricity hits the electric eel.
The electric eel completely resists.
Unknown command.
You feel better.
The electric eel shoots out a bolt of lightning at you!
The bolt of electricity is repelled.
The bolt of electricity hits you!
* * * LOW HITPOINT WARNING * * *
The bolt of electricity hits the electric eel.
The electric eel completely resists.
The electric eel shoots out a bolt of lightning at you!
The bolt of electricity hits you!
* * * LOW HITPOINT WARNING * * *
The bolt of electricity hits you!
You die...

≈≈≈≈~≈ ≈~≈≈≈≈ .~..~~.
~)~.~. ≈≈≈.≈≈ ≈.≈≈≈
♣≈~≈♣ ≈~≈♣ ♣≈ ♣≈.≈♣
≈~≈♣
♣♣≈.≈♣♣♣≈~≈♣♣♣≈~≈♣♣♣≈
≈≈≈~≈≈≈≈≈.≈≈≈≈S.≈≈≈≈≈
~.~...~~..~~...S.~.~~
#..#####.##@#.#....
####.(.....###...# #
#.......#######.##
#.##.##.# #.....#
#....###.....#
.....#........<.#
..##....###.....#
#....# #.....#
.......# #######


You could see 2 electric eels.

Vanquished Creatures
  Sigmund (D:5)
  A steam dragon (D:5)
  A jelly (D:4)
  A bombardier beetle (D:4)
  A hound (D:5)
  A sleepcap (D:5)
  2 iguanas
  Natasha (thrice) (D:2)
  An orc wizard (D:3)
  4 gnolls (D:4)
  3 adders
  2 ufetubi (D:3)
  3 dart slugs
  3 ribbon worms
  10 orcs
  4 endoplasms
  4 giant cockroaches
  6 goblins
  7 hobgoblins
  7 jackals (D:4)
  2 quokkas
  7 ball pythons
  11 bats
  4 frilled lizards
  8 kobolds
  7 rats
104 creatures vanquished.

Notes
Turn   | Place    | Note
-------+----------+-------------------------------------------
     0 | D:1      | ManDude the Demonspawn Ice Elementalist began the quest for
                  | the Orb.
     0 | D:1      | Reached XP level 1. HP: 13/13 MP: 3/3
   437 | D:1      | Reached skill level 4 in Ice Magic
   437 | D:1      | Gained mutation: When seriously injured, your blood forms
                  | armour. (AC +6) [demonic ancestry]
   437 | D:1      | Reached XP level 2. HP: 19/19 MP: 1/5
  1523 | D:2      | Reached XP level 3. HP: 20/25 MP: 2/6
  2096 | D:2      | Noticed Natasha
  2100 | D:2      | Killed Natasha
  2101 | D:2      | Reached XP level 4. HP: 31/31 MP: 3/8
  2156 | D:2      | Noticed Natasha
  2164 | D:2      | Killed Natasha
  2206 | D:2      | Noticed Natasha
  2214 | D:2      | Killed Natasha
  2359 | D:3      | Learned a level 3 spell: Frozen Ramparts
  2363 | D:3      | Learned a level 3 spell: Ozocubu's Armour
  2390 | D:3      | Reached skill level 1 in Fighting
  2390 | D:3      | Gained mutation: You have a pair of small horns on your
                  | head. [demonic ancestry]
  2390 | D:3      | Reached XP level 5. HP: 33/37 MP: 5/9
  2527 | D:3      | Identified the +7 spear of ManDude's Bloody Death {heavy,
                  | *Corrode rN+++ Str+3 Dex-3}
  3105 | D:4      | Reached skill level 1 in Polearms
  3171 | D:4      | Reached XP level 6. HP: 44/44 MP: 11/11
  3419 | D:4      | Found a burning altar of Makhleb.
  3473 | D:4      | Reached skill level 1 in Armour
  3553 | D:4      | Found a hide-covered altar of Uskayaw.
  3732 | D:5      | Entered Level 5 of the Dungeon
  3780 | D:5      | Noticed a steam dragon
  3790 | D:5      | Killed a steam dragon
  3797 | D:5      | Noticed Sigmund
  3798 | D:5      | Reached XP level 7. HP: 24/50 MP: 12/12
  3804 | D:5      | Killed Sigmund
  4240 | D:5      | Found a blossoming altar of Fedhas.
  4260 | D:5      | Found a stormy altar of Qazlal.
  4675 | D:5      | Became a worshipper of Qazlal Stormbringer
  4729 | D:6      | Killed from afar by an electric eel

Illustrated notes

Levels and vault maps discovered:
D:1:      spicycebolla_green_bress_n_ham_2, layout_basic
D:2:      layout_rooms, uniq_natasha
D:3:      layout_basic
D:4:      layout_loops_ring, kennysheep_mini_moat,
          hangedman_abyss_or_decor_stagger, serial_park_tiny_1, hex_large,
          kennysheep_diamond, dk_noncrumbling_3
D:5:      wander_river, layout_loops_corners,
          grunt_temple_overflow_forces_of_nature, serial_bayou_pond_e,
          uniq_sigmund
D:6:      layout_loops_cross, zin_scriptorium, mainiacjoe_overflow_boulevard,
          serial_glass, glass_columns_a, glass_columns_c, serial_shops, shop,
          kennysheep_boxes, uniq_edmund, uniq_menkaure

Skill      XL: |  1  2  3  4  5  6  7 |
---------------+----------------------+-----
Ice Magic      | 4 |  4.9
Dodging        | 2 |  2.4
Stealth        | 2 |  2.1
Spellcasting   | 3 |  3.4
Fighting       | 1 2 |  2.7
Polearms       | 1 2 3 |  3.3
Armour         | 2 3 |  3.0
Unarmed Combat | |  0.3

Action                     |  1- 3 |  4- 6 |  7- 9 || total
---------------------------+-------+-------+-------++-------
  Melee: Unarmed           |    58 |     1 |       ||    59
         Punch             |     1 |       |       ||     1
         Spear             |       |   114 |    11 ||   125
         Headbutt          |       |     9 |     2 ||    11
   Cast: Freeze            |    70 |    21 |       ||    91
    Use: Scroll            |     4 |     5 |       ||     9
         Potion            |     1 |     1 |     1 ||     3
   Stab: Sleeping          |       |     1 |       ||     1
 Armour: Robe              |    77 |    44 |       ||   121
         Chain mail        |       |    96 |    16 ||   112
  Dodge: Dodged            |    52 |    65 |     2 ||   119
         Repelled          |       |     5 |     4 ||     9

Table legend: (Time is in decaauts)
 A = Elapsed time spent in this place.
 B = Non-inter-level travel time spent in this place.
 C = Inter-level travel time spent in this place.
 D = Time resting spent in this place.
 E = Time spent auto-exploring this place.
 F = Levels seen in this place.
 G = Mean time per level.
                   A        B        C        D        E       F      G
               +--------+--------+--------+--------+--------+-----+--------+
         Total |   4819 |   4608 |    211 |      0 |   3741 |   6 |  803.2 |
       Dungeon |   4819 |   4608 |    211 |      0 |   3741 |   6 |  803.2 |
               +--------+--------+--------+--------+--------+-----+--------+

Top non-repeatable levels by time:
     D:1: 1428 daAuts
     D:5: 1010 daAuts
     D:2: 887 daAuts
     D:4: 823 daAuts
     D:3: 642 daAuts
     D:6: 27 daAuts
